[Event "Early-Titled-Tuesday-Blitz-April-02-2024"]
[Site "Chess.com"]
[Date "2024.04.02"]
[Round "2"]
[White "Hamisandwich"]
[Black "FlemingA"]
[Result "1-0"]
[WhiteElo "2709"]
[BlackElo "2446"]
[TimeControl "180+1"]
[EndTime "8:18:54 PDT"]
[Termination "Hamisandwich won by resignation"]

1. c4 g6 2. Nc3 Bg7 3. d4 Nf6 4. e4 d6 5. Nge2 c5 6. dxc5 Qa5 7. Bd2 Qxc5 8. Be3 Qa5 9. f3 O-O 10. Qd2 Nc6 11. Nd5 Qxd2+ 12. Bxd2 e6 13. Nxf6+ Bxf6 14. Bc3 Kg7 15. Rd1 Rd8 16. Kf2 Ne5 17. b3 a6 18. h3 b6 19. f4 Nc6 20. g4 Bb7 21.
Bg2 b5 22. cxb5 axb5 23. Rd2 b4 24. Bxf6+ Kxf6 25. Rc1 Ke7 26. Ke3 Rac8 27. Rdc2 Na7 28. Rc4 Ba6 29. Rxb4 Bxe2 30. Rxc8 Rxc8 31. Rb7+ Kf6 32.
Rxa7 Rc2 33. g5+ Kg7 34. h4 Bb5 35. Bf3 Rh2 36. f5 gxf5 37. exf5 exf5 38. Bd5 Be8 39.
Ra8 Bd7 40. Ra7 Be8 41. b4 Rxh4 42. a3 Rg4 43. Ra8 Bd7 44. Rd8 Be6 45. Bxe6 fxe6 46.
Rxd6 Rg3+ 47. Kf4 Rxa3 48. Rxe6 Rb3 49. Rb6 Rb1 50. Kxf5 Rf1+ 51. Kg4 Rg1+ 52. Kf4 Rf1+ 53. Ke5 Rg1 54. Kf5 Rf1+ 55. Ke6 Rg1 56. Rb5 Kg6 57. Re5 Rb1 58. b5 Kh5 59. Kd6 Kg6 60. Kc6 Rc1+ 61. Rc5 Rxc5+ 62. Kxc5 Kxg5 63. b6 h5 64. b7 h4 65. b8=Q Kg4 66. Qh2 h3 67. Kd6 Kh4 68. Ke7 Kg4 69. Kf8 1-0

[Event "Early-Titled-Tuesday-Blitz-April-02-2024"]
[Site "Chess.com"]
[Date "2024.04.02"]
[Round "2"]
[White "KarolKacprzak"]
[Black "Macron20hTF1"]
[Result "1/2-1/2"]
[WhiteElo "2738"]
[BlackElo "2566"]
[TimeControl "180+1"]
[EndTime "8:18:55 PDT"]
[Termination "Game drawn by repetition"]

1. e4 e6 2. d4 d5 3. e5 c5 4. c3 Nc6 5. Nf3 Nge7 6. Na3 Nf5 7. Nc2 Qa5 8. Bd3 Nfxd4 9. Nfxd4 Nxd4 10. O-O Nxc2 11. Bxc2 g6 12. Bg5 Bg7 13. Qf3 O-O 14.
Bf6 Bd7 15. Rfe1 Bc6 16. Qf4 Qc7 17. Bxg7 Kxg7 18. Re3 Qe7 19. Rh3 f5 20. exf6+ Rxf6 21. Qe5 Kg8 22. Re3 Raf8 23. f3 Qd8 24. Rae1 d4 25.
Rd3 Bd5 26. cxd4 c4 27. Rde3 b5 28. Be4 Bxe4 29. Rxe4 a6 30. Qc5 Qd7 31. Qb6 e5 32. Qc5 exd4 33. Rxd4 Qc8 34. Qxc8 Rxc8 35. Re7 Rf7 36.
Re6 Rfc7 37. Rxa6 b4 38. Rd1 c3 39. bxc3 bxc3 40. Rc1 c2 41. Re6 Rd8 42. Kf2 Rd1 43. Re1 Rd2+ 44. Kg3 Ra7 45. Re8+ Kf7 46. Rc8 Rxa2 47.
Rc3 Rb2 48. h4 h5 49. Kh3 Kf6 50. Rc5 Ke6 51. Rc3 Kf6 52. Rc6+ Kf5 53. Rc8 Kf4 54. Rc3 Ke5 55. Rc4 Kd5 56. Rc8 Kd4 57. Rc7 Ke3 58. Re7+ Kf2 59. Rc7 Ke2 60. Re7+ Kf2 61. Rc7 Re2 62. Rc6 Ra2 63. Rxg6 Rd2 64. Rc6 Ke3 65. Re6+ Kf4 66. Rc6 Ke3 67. Rc4 Kd3 68. Rc6 Ke3 1/2-1/2

[Event "Early-Titled-Tuesday-Blitz-April-02-2024"]
[Site "Chess.com"]
[Date "2024.04.02"]
[Round "2"]
[White "Chess4always"]
[Black "JoliyRoger"]
[Result "1/2-1/2"]
[WhiteElo "2015"]
[BlackElo "2417"]
[TimeControl "180+1"]
[EndTime "8:18:55 PDT"]
[Termination "Game drawn by stalemate"]

1. d4 Nf6 2. Bg5 Ne4 3. Bf4 d5 4. e3 c6 5. Bd3 Nf6 6. Nf3 Bg4 7. h3 Bh5 8. O-O Nbd7 9. c4 Bg6 10. Nc3 e6 11. c5 Be7 12. b4 b6 13. a4 O-O 14.
Ne5 Nxe5 15. Bxe5 Nd7 16. Bg3 bxc5 17. bxc5 e5 18. Bxg6 hxg6 19. Bxe5 Nxe5 20. dxe5 Bxc5 21. Qc2 Qe7 22. Rfc1 Rfc8 23. Ne2 Bb6 24. a5 Bd8 25. f4 Rab8 26. a6 c5 27. Rab1 Bb6 28. Nc3 Rd8 29.
Na4 Rdc8 30. Nxb6 axb6 31. Rb5 Qc7 32. Rcb1 Rd8 33. Qa4 d4 34. exd4 Rxd4 35. Qb3 Rxf4 36. Rxb6 Rxb6 37. Qxb6 Qxb6 38. Rxb6 Ra4 39. Rc6 c4 40. Kh2 Kf8 41. Rc8+ Ke7 42. Rc7+ Ke6 43. a7 c3 44. Rxc3 Rxa7 45. Re3 Ra5 46. Rb3 Rxe5 47.
Rb8 Kf6 48. Rd8 Re6 49. Rd5 g5 50. Kg3 Re3+ 51. Kf2 Re5 52. Rd7 Kg6 53. Rd6+ Re6 54. Rd8 Rf6+ 55. Kg3 Ra6 56. Kh2 f6 57. Rd4 Ra5 58. Kg3 Kf5 59. Kh2 g6 60. Rb4 Re5 61. Kg3 Re4 62. Rb8 Re3+ 63. Kf2 Re5 64. Rg8 Ra5 65.
Kg3 Ra3+ 66. Kh2 Ra4 67. Rf8 g4 68. Rh8 gxh3 69. Rxh3 g5 70. Rh8 Kg4 71. Rf8 f5 72.
Rb8 f4 73. Rb1 Ra2 74. Rf1 Re2 75. Rf3 Kh4 76. Rh3+ Kg4 77. Rf3 Kf5 78. Ra3 Rb2 79. Ra5+ Kg4 80. Ra3 Rf2 81. Rh3 f3 82. Rg3+ Kf4 83.
Kh3 Rxg2 84. Rxf3+ Kxf3 1/2-1/2

[Event "Early-Titled-Tuesday-Blitz-April-02-2024"]
[Site "Chess.com"]
[Date "2024.04.02"]
[Round "2"]
[White "slorovel"]
[Black "yosephtaher"]
[Result "0-1"]
[WhiteElo "2627"]
[BlackElo "2942"]
[TimeControl "180+1"]
[EndTime "8:18:57 PDT"]
[Termination "yosephtaher won on time"]

1. e4 c5 2. Nf3 g6 3. c3 Nf6 4. Bd3 Bg7 5. Bc2 d6 6. O-O Bg4 7. d4 cxd4 8. cxd4 Nc6 9. Be3 Nd7 10.
Nc3 Bxf3 11. gxf3 e5 12. dxe5 dxe5 13. Nd5 O-O 14. Kh1 Nd4 15. Bxd4 exd4 16. f4 Nf6 17. Nxf6+ Qxf6 18. Qg4 d3 19. Bxd3 Qxb2 20. e5 Qd4 21.
Rad1 Qa4 22. Qe2 Qxf4 23. e6 Be5 24. exf7+ Rxf7 25. f3 Kg7 26. Be4 Rc8 27. Qd2 Qh4 28. Qf2 Qf6 29. Qxa7 b6 30. Qa6 Rc3 31. Qe2 Qf4 32. Rg1 Re3 33. Qg2 Qh6 34. Rd5 Bf6 35.
Rd6 Rc3 36. Rxb6 Rc1 37. Rb1 Rxg1+ 38. Rxg1 Be5 39. a4 Qf4 40. Rd1 Qe3 41. Qd2 Rxf3 42. Qxe3 Rxe3 43. Bg2 Ra3 44. Bc6 Ra2 45. Bg2 Rxa4 46.
h3 Ra2 47. Rf1 h5 48. Rf3 Kh6 49. Rf1 Kg5 50. Rg1 Kh4 51. Re1 Bf4 52. Rf1 g5 53. Rf3 Be5 54. Rf1 Re2 55. Rd1 Bf4 56. Rf1 Be3 57. Rf3 Bf2 58. Kh2 Rd2 59. Ra3 Bd4 60.
Ra4 g4 61. hxg4 hxg4 62. Ra8 Rc2 0-1

[Event "Early-Titled-Tuesday-Blitz-April-02-2024"]
[Site "Chess.com"]
[Date "2024.04.02"]
[Round "2"]
[White "Kazmin_Semyon"]
[Black "temus_galaktionov"]
[Result "0-1"]
[WhiteElo "2594"]
[BlackElo "2861"]
[TimeControl "180+1"]
[EndTime "8:18:59 PDT"]
[Termination "temus_galaktionov won by resignation"]

1. e4 c6 2. d4 g6 3. e5 d6 4. Nf3 Bg7 5. Bf4 Bg4 6. exd6 exd6 7. Be2 Nf6 8. h3 Bf5 9. O-O O-O 10. Bd3 Bxd3 11.
Qxd3 Nd5 12. Bh2 Qf6 13. Nbd2 Nf4 14. Qe3 Bh6 15. Ne4 Qf5 16. Nxd6 Qf6 17. Qe5 Nxh3+ 18. Kh1 Qxe5 19. Nxe5 Nf4 20. Ng4 Bg5 21. Ne4 h6 22. Bxf4 Bxf4 23. g3 Bg5 24. Nxg5 hxg5 25. Kg2 Nd7 26. Rae1 Rfe8 27. c3 f6 28. f4 gxf4 29.
gxf4 Kf7 30. Kf3 Rxe1 31. Rxe1 Rh8 32. Kg3 Nb6 33. b3 Nd5 34. c4 Ne7 35. Ne3 Rd8 36. Rd1 Ke6 37. Kf3 f5 38. Nc2 Ng8 39. Re1+ Kf7 40. Rd1 Nf6 41. Nb4 a5 42. Nd3 Ng4 43. Ne5+ Nxe5+ 44. fxe5 g5 45. d5 cxd5 46. cxd5 Rc8 47.
Rh1 Rc3+ 48. Ke2 f4 49. Rh7+ Kg6 50. Rxb7 Re3+ 51. Kf2 Rxe5 52. d6 Rd5 53. d7 g4 54.
Rb6+ Kf7 55. Rb7 Ke6 56. Ra7 Rxd7 57. Rxa5 Rd2+ 58. Ke1 Rg2 59. Kf1 f3 60. a4 Kf6 61.
Ra8 Rb2 62. Rg8 Kf5 63. a5 Kf4 64. Rf8+ Kg3 65. Ke1 Rxb3 66. a6 Ra3 67. Rf6 Kg2 68. Rg6 g3 0-1

[Event "Early-Titled-Tuesday-Blitz-April-02-2024"]
[Site "Chess.com"]
[Date "2024.04.02"]
[Round "2"]
[White "GMAneta"]
[Black "Khromkin"]
[Result "0-1"]
[WhiteElo "2526"]
[BlackElo "2336"]
[TimeControl "180+1"]
[EndTime "8:18:59 PDT"]
[Termination "Khromkin won by checkmate"]

1. d4 d5 2. Nf3 a6 3. c4 dxc4 4.
e3 Bg4 5. Bxc4 e6 6. h3 Bh5 7.
Nbd2 Nc6 8. b3 Nf6 9. Bb2 Bd6 10. O-O O-O 11. Qc2 Qe7 12. Ne5 Nb4 13. Qc1 b5 14. a3 bxc4 15. axb4 cxb3 16. Nc6 Qd7 17. Nxb3 Nd5 18. Qc4 f5 19. Rfc1 Rf6 20. Ne5 Bxe5 21.
dxe5 Rg6 22. Kf1 Qe7 23. Nc5 Qg5 24. g3 Bf3 25. Rxa6 Re8 26. Bd4 Qh5 27. h4 Qg4 28.
Rca1 Qh3+ 29. Ke1 Qg2 30. Ra8 Qg1+ 31. Qf1 Qxf1+ 32. Kxf1 Nxe3+ 33. Bxe3 Rxa8 34. Rc1 Rg4 35. Nd3 Re4 36. Rxc7 Ra1+ 37. Ne1 Rxb4 38. Bd2 Rbb1 39. h5 h6 40. Re7 Bd5 41. Ke2 Ra2 42. Ke3 Rb3+ 43.
Nd3 Raa3 44. Re8+ Kh7 45. Ke2 Rxd3 46. Be3 Rdb3 47. g4 Ra2+ 48. Bd2 Rbb2 49. gxf5 Rxd2+ 50. Ke3 exf5 51. e6 Re2+ 52. Kf4 Rxe6 53. Rd8 Re4+ 54. Kg3 Rd2 55. f3 Rd3 56. Kf2 Ree3 57.
Kg2 Rxf3 58. Kh2 Rd2+ 59. Kg1 Rh3 60. Rxd5 Rxd5 61. Kg2 Rb3 62. Kf2 Ra5 63. Kg2 Ra2+ 64.
Kf1 Rb1# 0-1

[Event "Early-Titled-Tuesday-Blitz-April-02-2024"]
[Site "Chess.com"]
[Date "2024.04.02"]
[Round "2"]
[White "Nemegejas"]
[Black "WilsonPalencia21"]
[Result "1-0"]
[WhiteElo "2819"]
[BlackElo "2584"]
[TimeControl "180+1"]
[EndTime "8:19:01 PDT"]
[Termination "Nemegejas won by checkmate"]

1. Nf3 c5 2. e3 g6 3. d4 Bg7 4. dxc5 Qa5+ 5. Nbd2 Nf6 6. a3 Qxc5 7. b4 Qc7 8. Bb2 d6 9. c4 O-O 10. Be2 a5 11. O-O Nc6 12. Qb3 Bg4 13. h3 Bd7 14.
Rfc1 Qb6 15. c5 dxc5 16. Nc4 Qc7 17. bxc5 Be6 18. Qb6 Nd5 19. Qxc7 Nxc7 20. Bxg7 Kxg7 21. Nb6 Rad8 22. Rab1 Bf5 23. Rb2 f6 24. g4 Be6 25.
Rcb1 h5 26. gxh5 gxh5 27. Kh2 Kh6 28. Rg1 Rg8 29. Rxg8 Bxg8 30. Bc4 Bh7 31. Na4 Rb8 32.
Nd2 Ne5 33. Be2 Bf5 34. f4 Nc6 35. e4 Be6 36. Bc4 Bd7 37. Nf3 Ne6 38. Nb6 Nxc5 39.
Bd5 Be8 40. Nc4 Nd3 41. Rb5 Nxf4 42. Nh4 e6 43. Nd6 exd5 44. exd5 Nd4 45. Rxa5 Ng6 46. Nhf5+ Nxf5 47. Nxf5+ Kg5 48. Nd6 Ne5 49. Ne4+ Kg6 50.
d6 Bc6 51. Nc3 Nc4 52. Rc5 Nxd6 53. Ne2 Re8 54. Nf4+ Kf7 55. Rxh5 Re2+ 56. Nxe2 Bf3 57. Rh7+ Kg6 58. Rd7 Bxe2 59. Rxd6 Ba6 60. Rd5 Kf7 61. Kg3 Ke6 62. Ra5 Bd3 63. Kf4 Bc4 64. Rc5 Ba6 65. h4 Kf7 66. Rd5 Kg6 67. Rd6 Bc4 68. h5+ Kxh5 69. Rxf6 Ba6 70. Rb6 Kh4 71. Rh6# 1-0

[Event "Early-Titled-Tuesday-Blitz-April-02-2024"]
[Site "Chess.com"]
[Date "2024.04.02"]
[Round "2"]
[White "xiaopang123"]
[Black "SaqoChess_Twitch"]
[Result "1/2-1/2"]
[WhiteElo "2262"]
[BlackElo "2659"]
[TimeControl "180+1"]
[EndTime "8:19:01 PDT"]
[Termination "Game drawn by repetition"]

1. d4 d5 2. c4 e6 3. Nf3 Nf6 4. g3 Be7 5. Bg2 O-O 6. O-O dxc4 7.
Qc2 a6 8. a4 c5 9. dxc5 Bxc5 10. Qxc4 Nbd7 11. Nc3 b5 12. Qh4 b4 13. Ne4 Be7 14. Bg5 Bb7 15. Nxf6+ Nxf6 16. Bxf6 Bxf6 17. Qxb4 Bxf3 18. Bxf3 Rb8 19. Qc4 Bxb2 20. Rad1 Qb6 21. Qa2 Bf6 22. a5 Qc5 23. Rc1 Qe5 24. Rc6 Rb2 25. Qc4 Rb5 26. Rxa6 Rxa5 27. Rxa5 Qxa5 28. h4 Qe5 29. Qe4 Qd6 30. Qc6 Qd4 31. Qe4 Qd6 32. Qc6 Qb8 33. Qb7 Qd8 34. Rc1 g6 35. Qc7 Qd4 36. Qc4 Qd6 37. Qc6 Qd2 38. Qc2 Qb4 39.
Qc4 Qa3 40. Rb1 h5 41. Qb3 Qxb3 42. Rxb3 Rd8 43. Kg2 Rc8 44. Ra3 Rc2 45. Ra8+ Kg7 46. Ra7 Rb2 47. Rb7 Ra2 48. Rd7 Ra4 49. Rb7 Be5 50. Bc6 Rc4 51. Be8 Bc7 52. Bb5 Rc5 53. Bd3 f5 54. Rb5 Rc6 55. Rb7 Kf6 56. Ra7 e5 57. Ra6 Bb6 58. Bb5 Rd6 59. e3 e4 60.
Bf1 Ke5 61. Bb5 Kd5 62. Be8 Kc5 63. Ra8 Kd5 64. Bf7+ Ke5 65. Rg8 Rd2 66. Kf1 Rd1+ 67. Ke2 Ra1 68. Rxg6 Ba5 69. f4+ exf3+ 70. Kxf3 Rf1+ 71.
Ke2 Re1+ 72. Kf3 Rf1+ 73. Ke2 Re1+ 74. Kf3 Rf1+ 1/2-1/2

[Event "Early-Titled-Tuesday-Blitz-April-02-2024"]
[Site "Chess.com"]
[Date "2024.04.02"]
[Round "2"]
[White "BestestBP"]
[Black "robertoalejandro10"]
[Result "0-1"]
[WhiteElo "2211"]
[BlackElo "2500"]
[TimeControl "180+1"]
[EndTime "8:19:02 PDT"]
[Termination "robertoalejandro10 won by checkmate"]

1. c4 Nf6 2. d4 c5 3. d5 d6 4. Nc3 g6 5. Nf3 Bg7 6. h3 O-O 7. e4 Na6 8. Be3 Nc7 9. Be2 a6 10. a4 Rb8 11. a5 b5 12. axb6 Rxb6 13. Qc2 Bd7 14. O-O Qb8 15. Rfb1 Qb7 16. e5 Bf5 17.
Bd3 Bxd3 18. Qxd3 Nd7 19. exd6 exd6 20. Ra2 Rb8 21. Bf4 Rb3 22. Rba1 Ne5 23. Nxe5 dxe5 24. Bh2 f5 25. d6 Ne6 26. Qd5 Qxd5 27. Nxd5 Rxb2 28.
Rxb2 Rxb2 29. g4 f4 30. Rxa6 f3 31. Bg3 Rb8 32. Ra7 Kh8 33. Ne7 Rd8 34. d7 Nf8 35. Nc6 Rxd7 36. Ra8 Kg8 37. Nxe5 Rd1+ 38. Kh2 Rd2 39.
Nc6 Kf7 40. Ne5+ Bxe5 41. Bxe5 Rxf2+ 42. Kg3 Rc2 43. Bd6 Ne6 44. Ra7+ Kg8 45. Kxf3 Rxc4 46. Ra8+ Kg7 47. Be5+ Kf7 48. Ra7+ Kf8 49. Rxh7 Ng5+ 50. Ke3 Nxh7 51. Kd3 Ra4 52. h4 Kf7 53. h5 gxh5 54.
gxh5 Ke6 55. Bc3 Kf5 56. h6 Kg5 57. Bg7 Kg6 58. Kc3 Nf6 59. Kc2 Ng4 60. Kc3 Nxh6 61. Bxh6 Kxh6 62. Kb3 Rb4+ 63. Kc3 Kg6 64. Kd3 Kf5 65. Kc3 Ke5 66. Kd3 Kd5 67. Kc3 Rh4 68. Kd3 Rh3+ 69. Kc2 Kd4 70. Kb2 c4 71. Ka2 c3 72.
Kb3 Kd3 73. Ka2 c2 74. Kb2 Rh1 75. Ka2 Rb1 76. Ka3 Rb8 77. Ka2 Kd2 78. Ka3 c1=Q+ 79. Ka2 Qb2# 0-1

[Event "Early-Titled-Tuesday-Blitz-April-02-2024"]
[Site "Chess.com"]
[Date "2024.04.02"]
[Round "2"]
[White "David_ATM"]
[Black "jumpingknight20"]
[Result "1/2-1/2"]
[WhiteElo "2412"]
[BlackElo "2675"]
[TimeControl "180+1"]
[EndTime "8:19:05 PDT"]
[Termination "Game drawn - insufficient material"]

1. e4 g6 2. d4 Bg7 3. Be3 c6 4. c4 d5 5. cxd5 cxd5 6. Bb5+ Nc6 7. e5 Bd7 8. Nc3 e6 9. Qd2 a6 10. Bxc6 Bxc6 11. Nge2 h6 12. O-O Ne7 13. Ng3 Qd7 14.
Rfc1 Rc8 15. b3 Kf8 16. Rc2 Kg8 17. Rac1 Kh7 18. Nd1 h5 19. h4 f6 20. exf6 Bxf6 21.
Bg5 Bg7 22. Nb2 Nf5 23. Nxf5 exf5 24. Re1 Rhe8 25. Rcc1 Re4 26. Rxe4 dxe4 27. Be3 Bd5 28. Nc4 Qc6 29. Ne5 Qxc1+ 30. Qxc1 Rxc1+ 31. Bxc1 b5 32. Kf1 a5 33. Ke1 Bf8 34. Nd7 Be7 35. Bg5 Bxg5 36. hxg5 Kg7 37. g3 Be6 38. Nc5 Bc8 39. a3 Kf7 40. b4 axb4 41. axb4 Ke7 42. Ke2 Kd6 43. Ke3 Kd5 44. f3 exf3 45. Kxf3 Kxd4 46. Kf4 Kd5 47. Ke3 Kc4 48. Nd3 Be6 49.
Ne5+ Kxb4 50. Nxg6 Kc5 51. Nf4 Bg8 52. Nxh5 Kd6 53.
Kd4 Bf7 54. Nf4 b4 55. g6 Be8 56. Kc4 Ke5 57. Kxb4 Ke4 58. g7 Bf7 59. Nh5 Kf3 60. Kc5 Kg4 61. Nf6+ Kxg3 62. g8=Q+ Bxg8 63. Nxg8 f4 64. Nf6 f3 65. Kd4 Kf2 66. Ne4+ Ke2 67. Ke5 Ke3 68. Kf5 f2 69. Nxf2 1/2-1/2

[Event "Early-Titled-Tuesday-Blitz-April-02-2024"]
[Site "Chess.com"]
[Date "2024.04.02"]
[Round "2"]
[White "IshviAggarwal"]
[Black "Balla_Tamas"]
[Result "0-1"]
[WhiteElo "2165"]
[BlackElo "2462"]
[TimeControl "180+1"]
[EndTime "8:19:07 PDT"]
[Termination "Balla_Tamas won by resignation"]

1. d4 d5 2. c4 e6 3. cxd5 exd5 4. Nc3 c6 5. Nf3 Bd6 6. Qc2 Ne7 7. e3 Bf5 8. Bd3 Bg6 9. Ne5 Bxe5 10. dxe5 Nd7 11. f4 O-O 12. f5 Bh5 13. h3 Nxe5 14. g4 d4 15. exd4 Qxd4 16. Be2 Nxf5 17. gxf5 Bxe2 18. Nxe2 Nd3+ 19. Kd2 Qd5 20. Qxd3 Qxh1 21. Kc2 Rad8 22. Qc4 Qd1+ 23. Kb1 Rfe8 24. Nc3 Qf3 25. a3 a5 26. Ka2 b5 27. Qg4 Qxg4 28. hxg4 b4 29. axb4 axb4 30.
Na4 Rd3 31. b3 Re2+ 32. Bb2 h6 33. Rc1 Rg3 34. Rxc6 Rxg4 35. f6 gxf6 36. Rxf6 h5 37. Rh6 f5 38. Rxh5 f4 39. Rf5 Rf2 40. Kb1 Rg1+ 41. Ka2 f3 42. Nc5 Rgg2 43. Nd3 Rf1 44. Nf4 Rc2 45. Ne6 Rff2 46. Rf8+ Kh7 47. Rh8+ Kg6 48. Nf4+ Kf5 49. Nd3 Rfd2 50. Rf8+ Ke4 51. Nxb4 Rxb2+ 52. Ka3 f2 53. Na6 Ra2+ 54. Kb4 Rxa6 55. Kb5 Rad6 56. b4 Ke3 57. Kc5 Ke2 58. b5 f1=Q 59. Rxf1 Kxf1 60. b6 Rxb6 61. Kxb6 Ke2 0-1

[Event "Early-Titled-Tuesday-Blitz-April-02-2024"]
[Site "Chess.com"]
[Date "2024.04.02"]
[Round "2"]
[White "Heliosis11"]
[Black "The_Sherman_Variation"]
[Result "1-0"]
[WhiteElo "2373"]
[BlackElo "2591"]
[TimeControl "180+1"]
[EndTime "8:19:18 PDT"]
[Termination "Heliosis11 won by checkmate"]

1. e4 a6 2. d4 c5 3. c3 b5 4. Nf3 Bb7 5. Bd3 e6 6. O-O Nf6 7. Qe2 Be7 8. Bg5 h6 9. Bh4 d5 10. e5 Nfd7 11. Bxe7 Qxe7 12. Nbd2 Nc6 13. a3 O-O 14. b4 cxd4 15. cxd4 f5 16. Nb3 g5 17.
Nfd2 Rf7 18. f4 Rg7 19. Qe3 Rf8 20. Rac1 Nb6 21. Nc5 Nc4 22. Nxc4 bxc4 23. Be2 Bc8 24. Rb1 Kh8 25. a4 Rfg8 26. g3 Rh7 27. b5 axb5 28. axb5 Na5 29. b6 Bb7 30. Ra1 Nc6 31. Bd1 h5 32.
Ba4 h4 33. Bxc6 Bxc6 34. Ra7 gxf4 35. Rxf4 hxg3 36. hxg3 Qg5 37. Rxh7+ Kxh7 38. Kf2 Qg6 39. Rh4+ Kg7 40. Qa3 Ra8 41. Qb2 c3 42. Qxc3 Ra2+ 43.
Kf3 Qf7 44. Qb3 Ra1 45. b7 Bxb7 46. Qxb7 Ra3+ 47. Kg2 Qxb7 48. Nxb7 Kg6 49. Nc5 Kf7 50. Rh7+ Kg6 51. Re7 Ra2+ 52. Kh3 Ra3 53. Rxe6+ Kf7 54. Rf6+ Ke7 55. Rxf5 Rc3 56. Rf6 Rc4 57. Re6+ Kf7 58.
Rf6+ Ke7 59. Rf4 Rc1 60. e6 Rh1+ 61. Kg2 Rh8 62. Rf7+ Kd6 63. Kf3 Rh1 64. Kg4 Re1 65. Kg5 Rg1 66. g4 Rd1 67. Kf6 Rf1+ 68. Kg6 Rd1 69.
e7 Re1 70. Kf6 Rf1+ 71. Kg7 Re1 72. Kf8 Rh1 73. Rf6+ Kc7 74. e8=Q Rh8+ 75. Ke7 Rh7+ 76. Rf7 Rh6 77. Kf8+ Kb6 78. Qb8+ Ka5 79. Ra7+ Ra6 80. Rxa6# 1-0

[Event "Early-Titled-Tuesday-Blitz-April-02-2024"]
[Site "Chess.com"]
[Date "2024.04.02"]
[Round "2"]
[White "BVB009"]
[Black "SahibSinghKnight"]
[Result "1-0"]
[WhiteElo "2855"]
[BlackElo "2593"]
[TimeControl "180+1"]
[EndTime "8:19:25 PDT"]
[Termination "BVB009 won by resignation"]

1. Nf3 d5 2. e3 Nf6 3. c4 e6 4.
Nc3 b6 5. cxd5 exd5 6. g3 Nbd7 7. Bg2 Ba6 8. Qa4 Qc8 9. Ne5 Bb7 10. b4 Bd6 11.
Nc6 O-O 12. Nxd5 Nxd5 13. Bxd5 Ne5 14. O-O b5 15. Qc2 Nxc6 16. Bxc6 Bxb4 17. Rb1 Bd6 18.
Rxb5 Ba6 19. a4 Bxb5 20. axb5 Rb8 21. Bb2 a6 22. Qc3 f6 23. Qc4+ Kh8 24. Bc3 axb5 25. Bxb5 Qf5 26. Bc6 Qc5 27. Qxc5 Bxc5 28. Rc1 Ba3 29.
Rc2 Bb4 30. Bd4 Bd6 31. Kg2 Rfd8 32. h4 Kg8 33. h5 Kf7 34. Bf3 Ke7 35. Rc1 c5 36.
Bc3 Rb5 37. h6 g5 38. Ra1 Bb8 39. Ra6 Rd6 40. Ra8 f5 41. Be2 Rbb6 42. Be5 Rd8 43. Bc3 f4 44. exf4 gxf4 45. g4 Rxh6 46. g5 Rg6 47. Bf6+ Rxf6 48. gxf6+ Kxf6 49. Bf3 Bc7 50. Ra6+ Ke7 51. Rc6 Bd6 52. Be4 Rg8+ 53. Kf3 h5 54.
Ra6 Rg7 55. Ra7+ Kf6 56. Ra6 Ke5 57. Ra8 h4 58. Re8+ Be7 59. Rh8 Bf6 60. Rh5+ Bg5 61. d3 Kf6 62. Rh8 Ke7 63. Kg4 Kf6 64. Rf8+ Ke7 65. Rf5 Bf6+ 66. Kxf4 h3 67. Rh5 Rg2 68. Ke3 Bd4+ 69. Ke2 Rxf2+ 70. Ke1 h2 71. Rh3 Ra2 72. Bd5 Kd6 73. Bxa2 Bg1 74. Kf1 Ke5 75. Bc4 Kd4 76.
Kg2 Kc3 77. Rxh2 Kd4 78. Kxg1 1-0

[Event "Early-Titled-Tuesday-Blitz-April-02-2024"]
[Site "Chess.com"]
[Date "2024.04.02"]
[Round "2"]
[White "sorch29"]
[Black "Yan_Dyomin2010"]
[Result "1-0"]
[WhiteElo "2435"]
[BlackElo "2684"]
[TimeControl "180+1"]
[EndTime "8:19:37 PDT"]
[Termination "sorch29 won by resignation"]

1. c4 g6 2. g3 Bg7 3. Bg2 c5 4. Nc3 Nc6 5. e3 d6 6. Nge2 Nf6 7. O-O O-O 8. d4 e5 9. dxc5 dxc5 10. Nd5 Be6 11. Nec3 h5 12. b3 Qd7 13. Nxf6+ Bxf6 14. Qxd7 Bxd7 15. Nd5 Bg7 16. Bb2 Rad8 17. Rfd1 f5 18. h4 e4 19. Bxg7 Kxg7 20. Bf1 Ne5 21. Be2 Be6 22.
Nf4 Kf6 23. Kf1 Bf7 24. Ke1 Ke7 25. Rxd8 Rxd8 26. Rd1 Rxd1+ 27. Kxd1 Kd6 28. Kd2 Kc6 29. Kc3 a6 30. Ng2 b5 31. cxb5+ axb5 32. Ne1 b4+ 33. Kb2 Kb6 34. a3 bxa3+ 35. Kxa3 Be8 36. Ng2 Bf7 37. Nf4 Ka5 38. Ng2 Nd3 39. Bxd3 exd3 40. Kb2 Kb4 41. Nf4 d2 42. Kc2 d1=Q+ 43.
Kxd1 Kxb3 44. Kd2 Kb2 45. Nd3+ Kb3 46. Nxc5+ Kc4 47. Nd3 Kd5 48. Ke2 Ke4 49. f3+ Kd5 50.
Kd2 Be8 51. Kc3 Ke6 52. Nf4+ Kf6 53. Kd4 Ba4 54. e4 fxe4 55. fxe4 Bd7 56. Nd5+ Kf7 57.
Nf4 Bg4 58. Ke5 Bd1 59. Nd5 Bc2 60. Kf4 Bd1 61. e5 Bg4 62. Nf6 Bf5 63. Ne4 Ke6 64.
Ng5+ Ke7 65. Ke3 Bb1 66. Kd4 Bf5 67. Kd5 Bb1 68. e6 Bf5 69. Ke5 Bb1 70. Nf3 Bc2 71. Nd4 Bb1 72. Nc6+ Ke8 73. Kf6 Be4 74. Ne5 Bb1 75. Nf7 1-0

[Event "Early-Titled-Tuesday-Blitz-April-02-2024"]
[Site "Chess.com"]
[Date "2024.04.02"]
[Round "2"]
[White "Predator0608"]
[Black "Korchmar_Vasiliy"]
[Result "0-1"]
[WhiteElo "2543"]
[BlackElo "2722"]
[TimeControl "180+1"]
[EndTime "8:19:56 PDT"]
[Termination "Korchmar_Vasiliy won by resignation"]

1. e4 c5 2. Nf3 d6 3. d4 cxd4 4. Nxd4 Nf6 5. Nc3 Nc6 6. Bg5 Bd7 7. Qd2 a6 8. O-O-O e6 9. f4 Be7 10. Nf3 b5 11. Bxf6 gxf6 12. f5 Qb6 13. Kb1 O-O-O 14.
g3 Kb8 15. Bh3 Ne5 16. Nd4 d5 17. exd5 b4 18. Nce2 exd5 19. Nf4 Bc8 20. Bg2 Bb7 21. Rhe1 Rd7 22. Nf3 Nc4 23. Qd3 Bc5 24. Re2 Rc8 25.
Rde1 a5 26. Re8 Rxe8 27. Rxe8+ Ka7 28. Nd2 Ne5 29. Qe2 a4 30. Nf3 Ba6 31. Qe1 Nc4 32.
Nd2 Ne3 33. Bf3 Bb7 34. Qe2 Bd4 35. Nf1 Nxf5 36. Qd2 Be5 37. Nxd5 Qc5 38. g4 Nd4 39. Be4 Nb5 40. Nfe3 a3 41. bxa3 Nxa3+ 42. Kc1 Nc4 43. Nxc4 Qxc4 44. Qxb4 Qxb4 45. Nxb4 Bxe4 46. c4 Bf4+ 47. Kb2 Be5+ 48. Kb3 Kb7 49. a4 Rd1 50. a5 Rb1+ 51. Ka4 Bc6+ 52. Nxc6 Kxc6 53. Rc8+ Kd7 54. Rf8 Ke7 55. Rh8 Bxh2 56. a6 Ra1+ 57. Kb5 Bc7 58.
Rxh7 Ra5+ 59. Kc6 Rxa6+ 60. Kxc7 Ra5 61. Kb6 Rg5 62. Rh4 Kd6 63. Rh6 Rxg4 64. Rxf6+ Ke7 65. Rf2 Rxc4 66. Kb5 Rc1 67. Kb4 f6 68. Re2+ Kf7 69.
Kb3 f5 70. Kb2 Rc7 71. Re5 Kf6 72. Re8 f4 73. Rf8+ Kg5 74. Kb1 Kg4 75. Rg8+ Kf3 76.
Rf8 Ke3 77. Re8+ Kf2 78. Rf8 f3 79. Kb2 Ke2 80. Re8+ Kf1 81. Rf8 f2 82. Rf6 Rg7 83. Kc2 Kg2 0-1

[Event "Early-Titled-Tuesday-Blitz-April-02-2024"]
[Site "Chess.com"]
[Date "2024.04.02"]
[Round "2"]
[White "Kirill_Klukin"]
[Black "HajiyevKanan"]
[Result "1/2-1/2"]
[WhiteElo "2825"]
[BlackElo "2595"]
[TimeControl "180+1"]
[EndTime "8:20:14 PDT"]
[Termination "Game drawn by stalemate"]

1. Nf3 d5 2. e3 Nf6 3. c4 c6 4.
b3 g6 5. Bb2 Bg7 6. Be2 O-O 7.
O-O Bg4 8. h3 Bxf3 9. Bxf3 Nbd7 10. d4 a5 11. a3 e6 12. Nd2 Qe7 13. Qc2 Rfe8 14. Rac1 h5 15. Rfe1 Qd6 16. e4 dxe4 17.
Bxe4 Nxe4 18. Nxe4 Qc7 19. d5 cxd5 20. Bxg7 Kxg7 21.
Qb2+ Qe5 22. Nc3 Qf6 23. cxd5 exd5 24. Qd2 Nb6 25. Nxd5 Nxd5 26. Qxd5 b6 27. Qb5 Rxe1+ 28. Rxe1 Rc8 29. b4 Rc2 30. Rf1 Rb2 31. Qc4 axb4 32.
axb4 Qd6 33. Qc3+ Qf6 34. Qc4 Qd6 35. Qc3+ Qf6 36. Qa3 Re2 37. Qd3 Qb2 38. b5 Rd2 39. Qe3 Re2 40. Qxb6 Re5 41. Qd6 Qxb5 42. Qd4 Qc5 43. Qb2 Qb5 44. Qa1 Qa5 45. Qd4 Qc5 46. Qf4 Rf5 47. Qe4 Qe5 48. Qd3 Qd5 49. Qg3 Qe5 50. Qb3 Qd5 51. Qc2 Qe5 52. Qd2 Qf4 53.
Qb2+ Qe5 54. Qc1 Qf6 55. Qd1 Re5 56. Qd3 Rf5 57. g3 h4 58. Kg2 hxg3 59. fxg3 Rxf1 60. Qxf1 Qb2+ 61. Qf2 Qb7+ 62. Kh2 Qe4 63. Qb2+ Kh7 64. Qd2 Qf5 65. Qe2 Kg7 66. Qb2+ Qf6 67. Qe2 Qf5 68.
Kg2 Qd5+ 69. Kg1 Qf5 70. Kh2 Qf6 71. h4 Qf5 72. Qb2+ Qf6 73. Qg2 Qf5 74. Qd2 Qf6 75.
Kg2 Qc6+ 76. Kf2 Qf6+ 77. Ke2 Qc6 78. Qd4+ Qf6 79. Qe4 Kf8 80. Ke3 Kg7 81. Qf4 Qc3+ 82. Kf2 Qc2+ 83. Kf3 Qd3+ 84. Kg2 Qe2+ 85. Kh3 Qe6+ 86.
Kh2 Qe2+ 87. Kg1 Qe1+ 88. Kg2 Qe2+ 89. Qf2 Qe4+ 90. Qf3 Qc2+ 91. Kh3 Qc8+ 92. g4 Kg8 93. Kg3 Qc7+ 94. Qf4 Qc3+ 95. Qf3 Qxf3+ 96. Kxf3 Kg7 97. Kf4 Kf6 98. Ke4 Kg7 99. Ke5 f6+ 100. Ke6 f5 101. gxf5 gxf5 102. Kxf5 Kh6 103. Kg4 Kg6 104. h5+ Kh6 105. Kh4 Kh7 106. Kg5 Kg7 107. h6+ Kh7 108. Kh5 Kh8 109. Kg6 Kg8 110. h7+ Kh8 111. Kh6 1/2-1/2